 Dungeon Crawl Stone Soup version 0.20.1-1-g8b1a95d (webtiles) character file.

170 Energizer the Chopper (level 5, -2/48 HPs)
             Began as a Hill Orc Abyssal Knight on July 17, 2017.
             Was a Believer of Lugonu.
             Killed by divine providence
             ... invoked by an orc priest
              (11 damage)
             ... on level 3 of the Dungeon.
             The game lasted 00:11:21 (3285 turns).

Energizer the Chopper (Hill Orc Abyssal Knight)     Turns: 3285, Time: 00:11:22

Health: -2/48      AC:  9    Str: 16    XL:     5   Next: 50%
Magic:  7/8        EV: 10    Int: 12    God:    Lugonu [**....]
Gold:   94         SH:  0    Dex: 10    Spells: 4/4 levels left

rFire    . . .     SeeInvis .   a - +1 hand axe
rCold    . . .     Gourm    .   (no shield)
rNeg     . . .     Faith    .   y - quicksilver dragon scales
rPois    .         Spirit   .   (no helmet)
rElec    .         Reflect  .   (no cloak)
rCorr    .         Harm     .   (no gloves)
MR       +....                  (no boots)
Stlth    ..........             (no amulet)
Regen    0.2/turn               (no ring)
MPRegen  0.2/turn               (no ring)

@: no status effects
A: no striking features
a: Depart the Abyss, Bend Space, Renounce Religion, Convert to Beogh


You were on level 3 of the Dungeon.
You worshipped Lugonu.
Lugonu was pleased with you.
You were not hungry.

You visited 1 branch of the dungeon, and saw 3 of its levels.
You visited the Abyss 1 time.

You collected 94 gold pieces.

Inventory:

Hand Weapons
 a - a +1 hand axe (weapon)
 t - a +3 hand axe
Missiles
 x - 8 tomahawks (quivered)
Armour
 y - quicksilver dragon scales (worn)
Wands
 s - a wand of lightning (3/15)
Scrolls
 d - 3 scrolls of identify {unknown}
 m - a scroll of recharging {unknown}
 n - 2 scrolls of amnesia {unknown}
 p - a scroll of remove curse {unknown}
 q - 2 scrolls of teleportation {unknown}
 u - a scroll of fear {unknown}
 v - a scroll of random uselessness {unknown}
 w - a scroll of enchant weapon {unknown}
Potions
 b - a potion of haste {unknown}
 e - a potion of lignification {unknown}
 h - a potion of magic {unknown}
 i - 3 potions of might {unknown}
 j - 4 potions of curing {unknown}
 k - a potion of ambrosia {unknown}
 z - a potion of agility {unknown}
Comestibles
 c - 4 bread rations
 f - a royal jelly
 g - a chunk of flesh
 o - 2 meat rations
 r - a fruit


   Skills:
 + Level 5.0 Fighting
 * Level 5.3 Axes
 - Level 2.1 Armour
 - Level 0.7 Dodging
 + Level 4.0 Invocations


You had 4 spell levels left.
You didn't know any spells.

Dungeon Overview and Level Annotations

Branches:
Dungeon (3/15)

Altars:
Nemelex Xobeh
Ru


Message History

The orc priest is almost dead.
The orc priest mumbles some strange prayers to Beogh against you.
You resist with some effort.
You slash the orc priest!
You kill the orc priest!
Lugonu accepts your kill.
Your Fighting skill increases to level 5!
Your Invocations skill increases to level 4!
The orc wizard mumbles some strange words.
The orc wizard blinks!
The orc priest mumbles some strange prayers to Beogh against you.
Beogh smites you!
* * * LOW HITPOINT WARNING * * *
The orc priest shouts, "Join the one true god or die!"
The orc wizard hits you but does no damage.
The orc wizard casts a spell.
The orc wizard blinks!
The orc priest invokes the aid of Beogh against you.
Beogh smites you!
You die...

...# #........#.#
#.########## ...#
#........#.# #.#
#....... #.##
#........#.# #.#
#.#####. #.#
#........#.#
#.###.#####. #.#
######.#.#.#
#.##........ ..#
##.#.#.# #.##..#####.
### #..#.#.#
.#.##........ #.##.#.#
.#.##.....### #.##.#@#
o#.##.....# # #.##.#o#
o#.##.....# # #.##.#.#
o#.##...|.# # #.##.#o#
.#........###
#.##.#.###(#...........
#.##.#o.)o.#.....#.####
#....#.###.#.###...#
######## .#.# ###.#
#### ###


You could see 2 orc priests and an orc wizard.

Vanquished Creatures
  An orc priest (D:3)
  An orc wizard (D:3)
  2 adders (D:2)
  A gnoll (D:1)
  An ooze (D:3)
  A worm (D:2)
  A leopard gecko (D:3)
  6 orcs (D:3)
  8 bats
  8 giant cockroaches
  7 hobgoblins
  A jackal (D:1)
  3 quokkas
  13 goblins
  4 kobolds
  10 rats
68 creatures vanquished.

Notes
Turn   | Place    | Note
-------+----------+-------------------------------------------
     0 | Abyss:1  | Energizer the Hill Orc Abyssal Knight began the quest for the Orb.
     0 | Abyss:1  | Reached XP level 1. HP: 19/19 MP: 2/2
     0 | D:1      | Escaped the Abyss
   121 | D:1      | Reached * piety under Lugonu
   216 | D:1      | Reached XP level 2. HP: 17/27 MP: 3/3
   657 | D:1      | Reached XP level 3. HP: 33/33 MP: 5/5
  1179 | D:2      | Found a sacrificial altar of Ru.
  1619 | D:2      | Reached XP level 4. HP: 28/41 MP: 6/6
  1857 | D:2      | Reached ** piety under Lugonu
  2474 | D:3      | Found a sparkling altar of Nemelex Xobeh.
  3109 | D:3      | Reached XP level 5. HP: 44/47 MP: 7/7
  3179 | D:3      | Reached skill level 5 in Axes
  3280 | D:3      | Reached skill level 5 in Fighting
  3285 | D:3      | Killed from afar by an orc priest

Skill      XL: |  1  2  3  4  5 |
---------------+----------------+-----
Axes           | 3 4 5 |  5.3
Fighting       | 4 5 |  5.0
Invocations    | 3 4 |  4.0
Armour         | |  2.1
Dodging        | |  0.7

Action                   |  1- 3 |  4- 6 || total
-------------------------+-------+-------++-------
Melee: Hand axe          |   142 |   118 ||   260
Throw: Tomahawk          |       |    17 ||    17
Invok: Depart the Abyss  |     1 |       ||     1
  Eat: Chunk             |     2 |     6 ||     8
Armor: Leather armour    |    31 |       ||    31
       Chain mail        |    53 |    41 ||    94
       Quicksilver drago |       |     6 ||     6
Dodge: Dodged            |    74 |    40 ||   114
